 Dungeon Crawl Stone Soup version 0.29.1-1-gd02db6906a (webtiles) character file.

Game seed: 13250215167415783289

68 LustLizard the Vexing (level 4, -5/22 HPs)
             Began as a Spriggan Arcane Marksman on Oct 4, 2022.
             Killed from afar by an orc wizard (11 damage)
             ... with a puff of flame
             ... on level 2 of the Dungeon.
             The game lasted 00:04:02 (2347 turns).

LustLizard the Vexing (Spriggan Arcane Marksman)    Turns: 2347, Time: 00:04:04

Health: -5/22      AC:  4    Str:  6    XL:     4   Next: 1%
Magic:  7/7        EV: 17    Int: 14    God:
Gold:   159        SH:  0    Dex: 17    Spells: 1/5 levels left

rFire   . . .      SeeInvis +   a - +1 sling
rCold   . . .      Faith    .   (no shield)
rNeg    . . .      Spirit   .   c - +0 robe
rPois   .          Reflect  .   h - +2 hat
rElec   .          Harm     .   (no cloak)
rCorr   .          Rampage  .   (gloves unavailable)
Will    .....                   (boots unavailable)
Stlth   ++........              (no amulet)
HPRegen 0.07/turn               (no ring)
MPRegen 0.10/turn               (no ring)

@: very quick
A: very small, no large weapons, unfitting armour, see invisible, speed 3
a: no special abilities


You were on level 2 of the Dungeon.
You visited 1 branch of the dungeon, and saw 3 of its levels.

You collected 159 gold pieces.

Inventory:

Hand Weapons
 a - a +1 sling (weapon)
Armour
 c - a +0 robe (worn)
 h - a +2 hat (worn)
Scrolls
 b - 2 scrolls of poison
 e - 2 scrolls of amnesia {unknown}
 f - a scroll of vulnerability {unknown}
 j - a scroll of fear {unknown}
 l - 2 scrolls of identify {unknown}
Potions
 d - 2 potions of berserk rage {unknown}
 g - a potion of mutation {unknown}
 i - 2 potions of ambrosia {unknown}
 k - a potion of lignification {unknown}
 m - a potion of haste {unknown}
 n - a potion of degeneration {unknown}


   Skills:
 + Level 1.3 Fighting
 * Level 3.0 Ranged Weapons
 - Level 2.6 Dodging
 * Level 3.0 Stealth
 - Level 1.3 Spellcasting
 - Level 4.0 Hexes
 * Level 1.3 Translocations


You had one spell level left.
You knew the following spells:

 Your Spells              Type           Power      Damage    Failure   Level
a - Slow                  Hex            48%        N/A       4%          1
b - Portal Projectile     Hex/Tloc       16%        N/A       26%         3

Your spell library contained the following spells:

 Spells                   Type           Power      Damage    Failure   Level
 Inner Flame              Hex/Fire       6%         N/A       32%         3
 Cause Fear               Hex            6%         N/A       43%         4
 Hailstorm                Conj/Ice       0%         3d3       94%         4
 Ice Form                 Ice/Tmut       0%         N/A       94%         4
 Simulacrum               Ice/Necr       0%         N/A       100%        6


Dungeon Overview and Level Annotations

Branches:
Dungeon (3/15)

Altars:

Annotations:
D:3 Ijyb


Innate Abilities, Weirdness & Mutations

You are very small and have problems with some larger weapons.
You are too small for most types of armour.
You have supernaturally acute eyesight. (SInv)
You cover ground extremely quickly. (Speed+++)


Message History

The orc wizard hits you with a +0 dagger.
You shoot a sling bullet. The sling bullet hits the orc wizard.
The orc wizard is almost dead.
The orc wizard hits you with a +0 dagger.
The orc wizard gestures at you while chanting.
The magic dart hits you.
You are too injured to fight recklessly!
You are too injured to fight recklessly!
Fire: a) +1 sling
Press: ? - help, Q - select action, (/) - cycle Shift-Dir - straight line, f/p - orc wizard
Aim: an orc wizard, wielding a +0 dagger and wearing a +0 robe (almost dead, 51% to hit)
You shoot a sling bullet.
The sling bullet barely misses the orc wizard.
The orc wizard barely misses you.
Fire: a) +1 sling
Press: ? - help, Q - select action, (/) - cycle Shift-Dir - straight line, f/p - orc wizard
Aim: an orc wizard, wielding a +0 dagger and wearing a +0 robe (almost dead, 51% to hit)
You shoot a sling bullet. The sling bullet hits the orc wizard.
The orc wizard is almost dead.
The orc wizard casts a spell at you. The puff of flame misses you.
Fire: a) +1 sling
Press: ? - help, Q - select action, (/) - cycle Shift-Dir - straight line, f/p - orc wizard
Aim: an orc wizard, wielding a +0 dagger and wearing a +0 robe (almost dead, 51% to hit)
You shoot a sling bullet. The sling bullet hits the orc wizard.
The orc wizard is almost dead.
The orc wizard casts a spell.
The orc wizard flickers and vanishes for a moment.
Fire: a) +1 sling
Press: ? - help, Q - select action, (/) - cycle Shift-Dir - straight line, f/p - orc wizard
Aim: an orc wizard, wielding a +0 dagger and wearing a +0 robe (almost dead, slightly transparent, 51% to hit)
You shoot a sling bullet.
The sling bullet hits the orc wizard but does no damage.
The orc wizard is almost dead.
The orc wizard hits you with a +0 dagger.
* * * LOW HITPOINT WARNING * * *
The orc wizard casts a spell at you. The puff of flame hits you!
Ouch! That really hurt!
You die...

.................................
#.#..#..........#.#............##
..#..#..........#.#............+.
#....#..........#.#............##
#.#..#..#......................#
#.#.##..##..###................#
#.#.............#..............#
#.###############o....###.######
..# #...........@.###..##.# #####
#####.###########.####.##.# #....
...............#........#.# #....
#####......###.#.######.#.# #....
#......# #.#.######.#.###....
#####......# #.#.................
...........# #.#############.####
############ #...........# #.####
###########.# #....#


You could see an orc wizard (invisible).

Vanquished Creatures
  A gnoll (D:2)
  A worm (D:2)
  2 dart slugs
  3 orcs
  2 ball pythons (D:2)
  4 endoplasms (D:2)
  A giant cockroach (D:2)
  2 goblins (D:1)
  2 hobgoblins (D:1)
  6 jackals (D:2)
  4 kobolds (D:1)
  4 quokkas (D:1)
  7 bats
  4 frilled lizards
  A rat (D:1)
44 creatures vanquished.

Vanquished Creatures (others)
  2 plants (D:3)
2 creatures vanquished.

Grand Total: 46 creatures vanquished

Notes
Turn   | Place    | Note
-------+----------+-------------------------------------------
     0 | D:1      | LustLizard the Spriggan Arcane Marksman began the quest for
                  | the Orb.
     0 | D:1      | Reached XP level 1. HP: 9/9 MP: 3/3
   160 | D:1      | Reached skill level 1 in Stealth
   187 | D:1      | Reached XP level 2. HP: 10/14 MP: 5/5
   336 | D:1      | Found a faded altar of an unknown god.
   450 | D:1      | Reached skill level 1 in Fighting
   611 | D:1      | Reached skill level 4 in Hexes
   898 | D:1      | You fall into a shaft and drop 1 floor!
  1226 | D:2      | Reached XP level 3. HP: 18/18 MP: 6/6
  1230 | D:2      | Learned a level 3 spell: Portal Projectile
  2150 | D:2      | Reached skill level 1 in Translocations
  2182 | D:3      | Noticed Ijyb
  2258 | D:2      | Reached XP level 4. HP: 14/22 MP: 7/7
  2347 | D:2      | Killed from afar by an orc wizard

Illustrated notes

Levels and vault maps discovered:
D:1:      elethiomel_arrival_infinity_welcomes_careful_drivers,
          layout_loops_cross, hellmonk_ecumenical_altar_run_dry,
          solitary_fountain, minivault_5
D:2:      layout_basic
D:3:      minmay_evil_eye, layout_rooms, nicolae_grassy_gnolls, uniq_natasha,
          uniq_sigmund, uniq_ijyb

Skill      XL: |  1  2  3 |
---------------+----------+-----
Stealth        | 1 2 3 |  3.0
Fighting       | 1 |  1.3
Hexes          | 4 |  4.0
Translocations | 1 |  1.3
Ranged Weapons | 3 |  3.0
Dodging        | |  2.6
Spellcasting   | |  1.3

Action                   |  1- 3 |  4- 6 || total
-------------------------+-------+-------++-------
 Fire: Sling             |   142 |    15 ||   157
Armor: Robe              |    12 |     1 ||    13
Dodge: Dodged            |    65 |     3 ||    68
